 Dungeon Crawl Stone Soup version 0.30-a0-283-gf371ce1921 (console) character file.

Game seed: 16334400432432295551

7092 Ignak the Thaumaturge (level 11, -2/81 HPs)
             Began as a Gnoll Hedge Wizard on Oct 17, 2022.
             Was a Follower of Sif Muna.
             Succumbed to barbed spike wounds
             ... on level 10 of the Dungeon.
             The game lasted 00:33:53 (11454 turns).

Ignak the Thaumaturge (Gnoll Hedge Wizard)         Turns: 11454, Time: 00:33:53

Health: -2/81      AC:  7    Str:  9    XL:     11   Next: 9%
Magic:  19/24      EV: 15    Int: 17    God:    Sif Muna [*.....]
Gold:   311        SH:  5    Dex: 13    Spells: 10/29 levels left

rFire   + . .      SeeInvis .    a - +4 dagger of Suzuats {elec, rC+ rN+}
rCold   + . .      Faith    .    r - +0 buckler
rNeg    + . .      Spirit   .    v - +0 robe
rPois   +          Reflect  .    y - +1 helmet
rElec   .          Harm     .    F - +0 cloak
rCorr   .          Rampage  .    (no gloves)
Will    +....                    S - +0 pair of boots
Stlth   ++++......               k - amulet of the acrobat
HPRegen 0.33/turn                i - ring of willpower
MPRegen 0.19/turn                h - ring of poison resistance

@: marked, spiked
A: fangs 1, strong nose, distributed training, talons 1, fire resistance 1
a: Renounce Religion, Channel Magic


You were on level 10 of the Dungeon.
You worshipped Sif Muna.
Sif Muna was aware of your devotion.
You visited 2 branches of the dungeon, and saw 11 of its levels.

You collected 631 gold pieces.
You spent 320 gold pieces at shops.

Inventory:

Hand Weapons
 a - the +4 dagger of Suzuats (weapon) {elec, rC+ rN+}
   (You bought it in a shop on level 6 of the Dungeon)

   It occasionally discharges a powerful burst of electricity upon striking a
   foe.
   rC:        It protects you from cold.
   rN:        It protects you from negative energy.
 b - the +4 longbow of the Last Friars {freeze, rPois rCorr}
   (You found it on level 4 of the Dungeon)

   Any ammunition fired from it freezes those it strikes, dealing additional
   cold damage.
   It can also slow down cold-blooded creatures.
   rPois:     It protects you from poison.
   rCorr:     It protects you from acid and corrosion.
 w - a +0 rapier
Missiles
 R - 3 poisoned darts (quivered)
Armour
 r - a +0 buckler (worn)
 v - a +0 robe (worn)
 y - a +1 helmet (worn)
 z - an orb of mayhem
 F - a +0 cloak (worn)
 S - a +0 pair of boots (worn)
Jewellery
 h - a ring of poison resistance (right hand)
 i - a ring of willpower (left hand)
 k - an amulet of the acrobat (around neck)
 x - a +6 ring of dexterity
 A - an amulet of magic regeneration
 H - a ring of ice
 K - a ring of protection from fire
 Q - a ring of fire
Wands
 E - a wand of iceblast (2)
 N - a wand of paralysis (2)
Scrolls
 g - a scroll of noise
 l - 2 scrolls of poison
 n - 3 scrolls of teleportation
 q - a scroll of torment
 G - a scroll of magic mapping {unknown}
 J - 2 scrolls of enchant weapon {unknown}
 L - 2 scrolls of amnesia {unknown}
 P - a scroll of brand weapon
Potions
 d - a potion of magic
 e - 4 potions of lignification
 f - a potion of curing
 j - a potion of heal wounds
 o - a potion of might
 p - 2 potions of mutation
 s - a potion of berserk rage {unknown}
 t - a potion of brilliance
 u - 3 potions of degeneration
 B - 4 potions of haste
 M - a potion of attraction {unknown}
 O - a potion of flight


   Skills:
 + Level 6.2 Fighting
 + Level 6.2 Short Blades
 + Level 6.2 Long Blades
 + Level 6.2 Axes
 + Level 6.2 Maces & Flails
 + Level 6.2 Polearms
 + Level 6.2 Staves
 + Level 6.2 Ranged Weapons
 + Level 6.2 Throwing
 + Level 6.2 Armour
 + Level 7.8 Dodging
 + Level 7.5 Stealth
 + Level 6.2 Shields
 + Level 6.2 Unarmed Combat
 + Level 9.5 Spellcasting
 + Level 5.6 Conjurations
 + Level 5.1 Hexes
 + Level 5.6 Summonings
 + Level 5.1 Necromancy
 + Level 5.6 Translocations
 + Level 5.1 Transmutations
 + Level 5.1 Fire Magic
 + Level 5.1 Ice Magic
 + Level 5.1 Air Magic
 + Level 5.1 Earth Magic
 + Level 5.1 Poison Magic
 + Level 6.8 Invocations
 + Level 6.2 Evocations


You had 10 spell levels left.
You knew the following spells:

 Your Spells              Type           Power      Damage    Failure   Level
a - Magic Dart            Conj           100%       1d8       1%          1
b - Blink                 Tloc           54%        N/A       1%          2
c - Kindle Blastsparks    Fire/Tloc/Air  52%        2d14      3%          3
d - Mephitic Cloud        Conj/Pois/Air  26%        N/A       3%          3
e - Call Imp              Summ           27%        N/A       1%          2
f - Airstrike             Air            12%        2d(2-18)  14%         4
q - Sticky Flame          Conj/Fire      26%        2d5       12%         4

Your spell library contained the following spells:

 Spells                   Type           Power      Damage    Failure   Level
 Shock                    Conj/Air       100%       1d9       1%          1
 Slow                     Hex            100%       N/A       1%          1
 Cigotuvi's Dreadful Rot  Necr/Pois/Air  50%        N/A       1%          2
 Gell's Gravitas          Tloc           27%        N/A       3%          3
 Hailstorm                Conj/Ice       26%        3d7       3%          3
 Lesser Beckoning         Tloc           54%        N/A       3%          3
 Teleport Other           Tloc           27%        N/A       3%          3
 Ignite Poison            Fire/Tmut/Pois 25%        N/A       4%          3
 Swiftness                Air            25%        N/A       4%          3
 Anguish                  Hex/Necr       12%        N/A       14%         4
 Ice Form                 Ice/Tmut       25%        N/A       14%         4
 Freezing Cloud           Conj/Ice/Air   13%        6-21      34%         5
 Simulacrum               Ice/Necr       12%        N/A       91%         6
 Enfeeble                 Hex            12%        N/A       100%        7
 Ignition                 Fire           12%        3d6       100%        8


Dungeon Overview and Level Annotations

Branches:
Dungeon (10/15)            Temple (1/1) D:7            Lair (0/5) D:9
    Orc: D:9-12

Altars:
Ashenzari
Cheibriados
Dithmenos
Elyvilon
Fedhas
Gozag
Hepliaklqana
Kikubaaqudgha
Makhleb
Nemelex Xobeh
Okawaru
Qazlal
Ru
Sif Muna
Trog
Uskayaw
Vehumet
Wu Jian
Xom
Zin
The Shining One

Shops:
D:6 (   D:8 *


Innate Abilities, Weirdness & Mutations

You have very sharp teeth.
Your uncanny sense of smell can sniff out nearby items.
Your experience applies equally to all skills.
You have sharp toenails.
Your flesh is heat resistant. (rF+)


Message History

Sif Muna accepts your kill.
The manticore flicks its tail.
The volley of spikes hits you.
The barbed spikes become lodged in your body.
Casting: Mephitic Cloud (mildly dangerous; 3% risk of failure)
Confirm with . or Enter, or press ? or * to list all spells.
Aiming: Mephitic Cloud (mildly dangerous; 3% risk of failure)
Press: ? - help, Shift-Dir - straight line, f - manticore, p - steam dragon
Aim: a manticore (chance to affect: 58%)
The ball explodes into a vile cloud!
The stinking cloud engulfs the manticore but does no damage.
The stinking cloud engulfs the steam dragon but does no damage.
The steam dragon is severely wounded.
A wraith comes into view.
The manticore is engulfed in noxious fumes.
The steam dragon is engulfed in noxious fumes.
The steam dragon appears confused.
Unknown command.
Unknown command.
You barely miss the manticore. Your bite misses the manticore.
A centaur comes into view.
The manticore is engulfed in noxious fumes.
The manticore bites you!! You block the manticore's attack.
The manticore claws you!
You are too injured to fight recklessly!
You are too injured to fight recklessly!
Unknown command.
The barbs in your skin will harm you if you move.
Continue?
Okay, then.
The barbs in your skin will harm you if you move.
Continue?
The manticore attacks as you move away! The manticore bites you!
* * * LOW HITPOINT WARNING * * *
The manticore closely misses you. The manticore claws you!
* * * LOW HITPOINT WARNING * * *
The troll attacks as you move away! The troll bites you!
* * * LOW HITPOINT WARNING * * *
You block the troll's attack. The troll claws you.
* * * LOW HITPOINT WARNING * * *
The barbed spikes dig painfully into your body as you move.
You die...

####### #####
..†...#######.D.#
####(........○○.#######
####..#####..○°H)T.W)c#
......# #.####'####.#
####..# .. #.^#@#^.#.#
#..##. ..##^#.#^##.# ∆#
#..##.##.#.^#.#^.#.####.# #
#.<##.##.##^#.#^##......###
#
#..##.##.#.^#.#^.#.........
#
#..##.##.####'####..#....).
#
#..##.##....#.#....##.###..
# ##...........###....# # #
#.................#.#


You could see a manticore, a troll and a steam dragon (confused).

Vanquished Creatures
  The ghost of Smoky173 the Destroyer, a novice TeCj of Ashenzari (D:6)
  Pikel (D:9)
  The ghost of Smoky173 the Carver, a novice GnWn of Kikubaaqudgha (D:5)
  A troll (D:8)
  2 hornets (D:8)
  A wyvern (D:8)
  4 yaks
  A steam dragon (D:6)
  The ghost of caelrath the Insei, an amateur DgTm (D:4)
  6 water moccasins
  2 black bears
  An ice beast (D:6)
  2 sky beasts
  An ogre (D:5)
  7 centaurs
  3 lemures
  2 kobold brigands
  A necrophage (D:7)
  4 bullfrogs
  5 scorpions
  13 killer bees
  A howler monkey (D:6)
  4 hounds
  3 jellies
  2 gnoll boudas (D:7)
  Terence (D:2)
  An orc priest (D:10)
  5 iguanas
  2 orc wizards
  2 adders
  14 gnolls
  2 shadow imps
  2 white imps
  An ufetubus (D:6)
  2 worms (D:4)
  3 dart slugs
  12 orcs
  4 ball pythons
  6 endoplasms
  6 giant cockroaches
  12 goblins
  5 hobgoblins
  A jackal (D:4)
  13 kobolds
  3 quokkas
  2 bats
  4 frilled lizards (D:2)
  2 rats
175 creatures vanquished.

Vanquished Creatures (collateral kills)
  Duvessa (D:4)
  A bullfrog (D:7)
  Dowan (D:4)
  An iguana (D:2)
  Robin (D:4)
  An adder (D:4)
  A gnoll (D:6)
  An ufetubus (D:3)
  A worm (D:2)
  2 ball pythons
  A bat (D:2)
  2 endoplasms
  9 giant cockroaches (D:3)
  A goblin (D:2)
  2 hobgoblins (D:4)
  A quokka (D:2)
27 creatures vanquished.

Vanquished Creatures (others)
  A jelly (D:6)
  24 fungi (D:9)
  39 plants
64 creatures vanquished.

Grand Total: 266 creatures vanquished

Notes
Turn   | Place    | Note
-------+----------+-------------------------------------------
     0 | D:1      | Ignak the Gnoll Hedge Wizard began the quest for the Orb.
     0 | D:1      | Reached XP level 1. HP: 13/13 MP: 8/8
   398 | D:1      | Reached XP level 2. HP: 19/19 MP: 10/10
   404 | D:1      | Learned a level 2 spell: Blink
   407 | D:1      | Learned a level 2 spell: Call Imp
   649 | D:2      | Noticed Terence
  1070 | D:2      | Reached skill level 1 in Fighting
  1070 | D:2      | Reached skill level 1 in Short Blades
  1070 | D:2      | Reached skill level 1 in Long Blades
  1070 | D:2      | Reached skill level 1 in Axes
  1070 | D:2      | Reached skill level 1 in Maces & Flails
  1070 | D:2      | Reached skill level 1 in Polearms
  1070 | D:2      | Reached skill level 1 in Staves
  1070 | D:2      | Reached skill level 1 in Ranged Weapons
  1070 | D:2      | Reached skill level 1 in Throwing
  1070 | D:2      | Reached skill level 1 in Armour
  1070 | D:2      | Reached skill level 1 in Shields
  1070 | D:2      | Reached skill level 1 in Unarmed Combat
  1070 | D:2      | Reached skill level 1 in Invocations
  1070 | D:2      | Reached skill level 1 in Evocations
  1070 | D:2      | Reached XP level 3. HP: 23/26 MP: 9/11
  1074 | D:2      | Learned a level 3 spell: Mephitic Cloud
  1231 | D:2      | Reached XP level 4. HP: 28/32 MP: 13/13
  1579 | D:2      | Killed Terence
  1580 | D:2      | Reached skill level 1 in Hexes
  1580 | D:2      | Reached skill level 1 in Necromancy
  1580 | D:2      | Reached skill level 1 in Transmutations
  1580 | D:2      | Reached skill level 1 in Fire Magic
  1580 | D:2      | Reached skill level 1 in Ice Magic
  1580 | D:2      | Reached skill level 1 in Air Magic
  1580 | D:2      | Reached skill level 1 in Earth Magic
  1580 | D:2      | Reached skill level 1 in Poison Magic
  2415 | D:3      | Reached XP level 5. HP: 28/37 MP: 6/14
  2687 | D:4      | Noticed Duvessa
  2687 | D:4      | Noticed Dowan
  3212 | D:4      | Found a sparkling altar of Nemelex Xobeh.
  3212 | D:4      | Identified the +4 longbow of the Last Friars {freeze, rPois
                  | rCorr}
  3395 | D:4      | Found a runed translucent gate.
  3396 | D:4      | Found a runed translucent gate.
  3396 | D:4      | Found a runed translucent gate.
  3399 | D:4      | Noticed caelrath's ghost (amateur DgTm)
  3417 | D:4      | Learned a level 3 spell: Kindle Blastsparks
  3458 | D:4      | Found a shadowy altar of Dithmenos.
  3464 | D:4      | Noticed Robin
  3479 | D:4      | Reached XP level 6. HP: 18/44 MP: 6/16
  3485 | D:4      | Killed Robin
  3573 | D:4      | Found a white marble altar of Elyvilon.
  3623 | D:4      | Reached skill level 5 in Dodging
  3808 | D:4      | Found an iron altar of Okawaru.
  4087 | D:4      | Killed Duvessa
  4088 | D:4      | Reached XP level 7. HP: 51/51 MP: 15/18
  4094 | D:4      | Killed Dowan
  4266 | D:4      | Killed caelrath's ghost
  4267 | D:4      | Reached skill level 5 in Stealth
  4414 | D:4      | Gained mutation: You are agile. (Dex +4, Str/Int -1)
                  | [potion of mutation]
  4414 | D:4      | Gained mutation: Your body sometimes deteriorates upon
                  | taking damage. [potion of mutation]
  4414 | D:4      | Gained mutation: You are very agile. (Dex +8, Str/Int -2)
                  | [potion of mutation]
  4415 | D:4      | Lost mutation: Your body sometimes deteriorates upon taking
                  | damage. [potion of mutation]
  4415 | D:4      | Lost mutation: You are very agile. (Dex +8, Str/Int -2)
                  | [potion of mutation]
  4415 | D:4      | Lost mutation: You are agile. (Dex +4, Str/Int -1) [potion
                  | of mutation]
  4415 | D:4      | Gained mutation: Your flesh is heat resistant. (rF+)
                  | [potion of mutation]
  4415 | D:4      | Gained mutation: You have sharp toenails. [potion of
                  | mutation]
  4601 | D:5      | Entered Level 5 of the Dungeon
  4971 | D:5      | Reached XP level 8. HP: 19/58 MP: 10/19
  5226 | D:5      | Learned a level 4 spell: Sticky Flame
  5305 | D:5      | Found a runed translucent gate.
  5306 | D:5      | Found a runed translucent gate.
  5307 | D:5      | Found a runed translucent gate.
  5308 | D:5      | Noticed Smoky173's ghost (novice GnWn)
  5395 | D:5      | Killed Smoky173's ghost
  5396 | D:5      | Reached skill level 8 in Spellcasting
  6081 | D:6      | Found a transporter.
  6081 | D:6      | Noticed Smoky173's ghost (novice TeCj)
  6083 | D:6      | Reached XP level 9. HP: 65/65 MP: 21/21
  6105 | D:6      | Found a broken altar of Ashenzari.
  6177 | D:6      | Found Ziasm's Antique Weapon Shop.
  6215 | D:6      | Found a transporter.
  6308 | D:6      | Found a glowing silver altar of Zin.
  6386 | D:6      | Found a glowing golden altar of the Shining One.
  6784 | D:7      | Found a staircase to the Ecumenical Temple.
  6820 | D:7      | Learned a level 4 spell: Airstrike
  6837 | Temple   | Entered the Ecumenical Temple
  6932 | Temple   | Became a worshipper of Sif Muna the Loreminder
  7005 | D:7      | Reached skill level 5 in Invocations
  7312 | D:6      | Bought a transparent dagger for 224 gold pieces
  7312 | D:6      | Identified the +4 dagger of Suzuats {elec, rC+ rN+} (You
                  | bought it in a shop on level 6 of the Dungeon)
  7644 | D:8      | Noticed a hornet
  7658 | D:8      | Killed a hornet
  7915 | D:8      | Noticed a troll
  7962 | D:8      | Killed a troll
  7963 | D:8      | Reached skill level 5 in Fighting
  7963 | D:8      | Reached skill level 5 in Short Blades
  7963 | D:8      | Reached skill level 5 in Long Blades
  7963 | D:8      | Reached skill level 5 in Axes
  7963 | D:8      | Reached skill level 5 in Maces & Flails
  7963 | D:8      | Reached skill level 5 in Polearms
  7963 | D:8      | Reached skill level 5 in Staves
  7963 | D:8      | Reached skill level 5 in Ranged Weapons
  7963 | D:8      | Reached skill level 5 in Throwing
  7963 | D:8      | Reached skill level 5 in Armour
  7963 | D:8      | Reached skill level 5 in Shields
  7963 | D:8      | Reached skill level 5 in Unarmed Combat
  7963 | D:8      | Reached skill level 5 in Evocations
  7963 | D:8      | Reached XP level 10. HP: 50/74 MP: 6/22
  8355 | D:8      | Found Zaiguash's Assorted Antiques.
  8360 | D:8      | Bought a tapered brass wand for 96 gold pieces
  8912 | D:6      | Killed Smoky173's ghost
  8913 | D:6      | Reached skill level 9 in Spellcasting
  9068 | D:9      | Noticed Pikel
  9498 | D:8      | Reached skill level 5 in Conjurations
  9498 | D:8      | Reached skill level 5 in Summonings
  9498 | D:8      | Reached skill level 5 in Translocations
 10393 | D:9      | Killed Pikel
 10560 | D:9      | Found a staircase to the Lair.
 10881 | D:9      | Reached skill level 5 in Hexes
 10881 | D:9      | Reached skill level 5 in Necromancy
 10881 | D:9      | Reached skill level 5 in Transmutations
 10881 | D:9      | Reached skill level 5 in Fire Magic
 10881 | D:9      | Reached skill level 5 in Ice Magic
 10881 | D:9      | Reached skill level 5 in Air Magic
 10881 | D:9      | Reached skill level 5 in Earth Magic
 10881 | D:9      | Reached skill level 5 in Poison Magic
 11030 | D:9      | Reached XP level 11. HP: 80/81 MP: 24/24
 11132 | D:9      | Found an ornate altar of the Wu Jian Council.
 11199 | D:10     | Entered Level 10 of the Dungeon
 11297 | D:10     | Reached * piety under Sif Muna
 11417 | D:10     | Noticed a manticore
 11419 | D:10     | Noticed a manticore
 11419 | D:10     | Noticed a cyclops
 11454 | D:10     | HP: 1/81 [troll (4)]
 11454 | D:10     | Succumbed to barbed spike wounds

Illustrated notes

Levels and vault maps discovered:
D:1:      elethiomel_arrival_maze, layout_basic, amcnicky_mini_corridor_feature
D:2:      wad_crossroads, layout_basic, uniq_terence
D:3:      minmay_roachtagon, layout_basic
D:4:      layout_loops_ring, okawaru_altar_gauntlet_db,
          mainiacjoe_overflow_paths, mainiacjoe_overflow_catwalk_spiral,
          gammafunk_ghost_split, uniq_robin, uniq_duvessa
D:5:      layout_loops_ring, ebering_ghost_rock_garden
D:6:      layout_cave_pools, mainiacjoe_overflow_alcove_4, old_standard_altar,
          cheibrodos_ashenzari_chains, gammafunk_ghost_arena,
          nicolae_take_the_stairs, minmay_splitting_lines,
          roderic_roman_lattice, serial_bayou_lagoon_a,
          chequers_serial_rivers_micro_c
D:7:      layout_rooms, temple_doors_ab, chequers_serial_rivers_micro_d
D:8:      layout_basic, serial_shops, kennysheep_little_box
D:9:      layout_loops_ring, mainiacjoe_overflow_alcove_2,
          due_lair_maze_entry_diamond, minmay_misc_feat_rows, uniq_pikel
D:10:     layout_loops_ring, nicolae_trove_entry_path_of_doom, grunt_tough_drop
Temple:   eino_narrow_crystal_temple

Skill      XL: |  1  2  3  4  5  6  7  8  9 10 |
---------------+-------------------------------+-----
Conjurations   | 2 3 4 5 |  5.6
Summonings     | 2 3 4 5 |  5.6
Translocations | 2 3 4 5 |  5.6
Fighting       | 1 2 3 5 6 |  6.2
Short Blades   | 1 2 3 5 6 |  6.2
Long Blades    | 1 2 3 5 6 |  6.2
Axes           | 1 2 3 5 6 |  6.2
Maces & Flails | 1 2 3 5 6 |  6.2
Polearms       | 1 2 3 5 6 |  6.2
Staves         | 1 2 3 5 6 |  6.2
Ranged Weapons | 1 2 3 5 6 |  6.2
Throwing       | 1 2 3 5 6 |  6.2
Armour         | 1 2 3 5 6 |  6.2
Shields        | 1 2 3 5 6 |  6.2
Unarmed Combat | 1 2 3 5 6 |  6.2
Invocations    | 1 2 3 4 5 6 |  6.8
Evocations     | 1 2 3 5 6 |  6.2
Hexes          | 1 2 3 4 5 |  5.1
Necromancy     | 1 2 3 4 5 |  5.1
Transmutations | 1 2 3 4 5 |  5.1
Fire Magic     | 1 2 3 4 5 |  5.1
Ice Magic      | 1 2 3 4 5 |  5.1
Air Magic      | 1 2 3 4 5 |  5.1
Earth Magic    | 1 2 3 4 5 |  5.1
Poison Magic   | 1 2 3 4 5 |  5.1
Dodging        | 5 6 7 |  7.8
Stealth        | 5 6 7 |  7.5
Spellcasting   | 8 9 |  9.5

Action                   |  1- 3 |  4- 6 |  7- 9 | 10-12 || total
-------------------------+-------+-------+-------+-------++-------
Melee: Dagger            |    23 |       |     2 |   139 ||   164
       Bite              |     6 |     9 |     1 |    16 ||    32
       Morningstar       |    26 |    71 |       |       ||    97
       Short sword       |       |       |     6 |     8 ||    14
       Kick              |       |       |       |    34 ||    34
 Fire: Longbow           |       |    27 |   190 |    24 ||   241
 Cast: Call Imp          |     5 |    12 |    21 |     2 ||    40
       Blink             |     1 |     5 |    24 |     9 ||    39
       Mephitic Cloud    |       |     5 |    15 |    14 ||    34
       Kindle Blastspark |       |     8 |     7 |     1 ||    16
       Magic Dart        |       |       |     6 |     1 ||     7
       Sticky Flame      |       |       |     1 |    13 ||    14
       Airstrike         |       |       |       |     8 ||     8
  Use: Scroll            |       |       |    11 |     2 ||    13
       Potion            |       |       |     6 |     1 ||     7
 Stab: Sleeping          |     9 |     8 |     1 |     1 ||    19
       Distracted        |       |       |     1 |       ||     1
       Confused          |       |       |       |     3 ||     3
Armor: Robe              |     9 |    24 |    18 |    54 ||   105
Dodge: Dodged            |    47 |   108 |   101 |   185 ||   441
Block: Buckler           |       |    15 |       |    33 ||    48

Table legend: (Time is in decaauts)
 A = Elapsed time spent in this place.
 B = Non-inter-level travel time spent in this place.
 C = Inter-level travel time spent in this place.
 D = Time resting spent in this place.
 E = Time spent auto-exploring this place.
 F = Levels seen in this place.
 G = Mean time per level.
                   A        B        C        D        E       F      G
               +--------+--------+--------+--------+--------+-----+--------+
         Total |  11570 |  11289 |    281 |   2077 |   5744 |  11 | 1051.8 |
       Dungeon |  11460 |  11194 |    266 |   2077 |   5671 |  10 | 1146.0 |
        Temple |    110 |     95 |     15 |      0 |     73 |   1 |  110.0 |
               +--------+--------+--------+--------+--------+-----+--------+

Top non-repeatable levels by time:
     D:8: 2032 daAuts
     D:4: 1792 daAuts
     D:6: 1485 daAuts
     D:2: 1195 daAuts
     D:5: 1143 daAuts
     D:3: 1025 daAuts
     D:9: 930 daAuts
     D:7: 895 daAuts
     D:1: 712 daAuts
    D:10: 246 daAuts
  Temple: 110 daAuts
